 Dungeon Crawl Stone Soup version 0.31.0-32-g396128a36d (webtiles) character file.

Game seed: 8371658473197559127

224 unlimited1921 the Chopper (level 6, -5/53 HPs)
             Began as a Gnoll Cinder Acolyte on Apr 15, 2024.
             Was an Initiate of Fedhas.
             Slain by a fire elemental (8 damage)
             ... created by the fiery vengeance of Ignis
             ... on level 9 of the Dungeon.
             The game lasted 00:12:34 (4420 turns).

unlimited1921 the Chopper (Gnoll Cinder Acolyte)    Turns: 4420, Time: 00:12:37

Health: -5/53      AC:  8    Str: 12    XL:     6   Next: 0%
Magic:  11/11      EV:  4    Int: 19    God:    Fedhas [......]
Gold:   144        SH: 16    Dex:  9    Spells: 9/11 levels left

rFire   . . .        g - +1 hand axe (heavy)
rCold   + + .        k - +6 tower shield of Rociv {rC+}
rNeg    . . .        o - +0 scale mail
rPois   .            E - +1 helmet
rElec   .            (no cloak)
rCorr   .            (no gloves)
SInv    .            (no boots)
Will    .....        (no amulet) Stlth
                     B - ring of protection from cold
HPRegen 0.28/turn    H - +6 ring of intelligence
MPRegen 0.12/turn

%: no passive effects
@: fire susceptible
A: fangs 1, strong nose, distributed training, sense surroundings 1, weak 1,
wild magic 1
a: Renounce Religion


You were on level 9 of the Dungeon.
You worshipped Fedhas.
Fedhas was noncommittal.
You visited 1 branch of the dungeon, and saw 6 of its levels.

You collected 144 gold pieces.

Inventory:

Hand Weapons
 a - a -1 hand axe of flaming
 f - a +0 short sword of draining
 g - a +1 heavy hand axe (weapon)
 F - a +0 rapier
Missiles
 l - 7 boomerangs
 u - 2 poisoned darts
Armour
 b - a +0 robe
 k - the +6 tower shield of Rociv (worn) {rC+}
   (You found it on level 2 of the Dungeon)

   rC+:       It protects you from cold.
 n - a +0 ring mail
 o - a +0 scale mail (worn)
 A - a +0 leather armour
 E - a +1 helmet (worn)
 J - a +0 plate armour
Magical Staves
 e - a staff of alchemy
Jewellery
 B - a ring of protection from cold (left hand)
 H - a +6 ring of intelligence (right hand)
 K - a ring of wizardry
Wands
 D - a wand of mindburst (10)
Scrolls
 c - 3 scrolls of teleportation
 h - a scroll of fog {unknown}
 i - 2 scrolls of identify {unknown}
 q - 2 scrolls of blinking {unknown}
 s - a scroll of noise {unknown}
 w - a scroll of silence {unknown}
 y - a scroll of acquirement {unknown}
 z - a scroll of revelation {unknown}
 G - a scroll of enchant weapon {unknown}
 I - a scroll of enchant armour {unknown}
Potions
 p - a potion of curing {unknown}
 r - a potion of invisibility {unknown}
 t - a potion of degeneration {unknown}
 v - a potion of attraction {unknown}
 x - 2 potions of lignification {unknown}
 C - 2 potions of haste {unknown}


   Skills:
 + Level 6.8 Fighting
 + Level 1.8 Short Blades
 + Level 1.8 Long Blades
 + Level 6.8 Axes
 + Level 1.8 Maces & Flails
 + Level 1.8 Polearms
 + Level 1.8 Staves
 + Level 1.8 Ranged Weapons
 + Level 1.8 Throwing
 + Level 1.8 Armour
 + Level 1.8 Dodging
 + Level 1.8 Stealth
 + Level 1.8 Shields
 + Level 1.8 Unarmed Combat
 + Level 3.3 Spellcasting
 + Level 1.4 Conjurations
 + Level 1.4 Hexes
 + Level 1.4 Summonings
 + Level 1.4 Necromancy
 + Level 1.4 Translocations
 + Level 5.6 Fire Magic
 + Level 1.4 Ice Magic
 + Level 1.4 Air Magic
 + Level 1.4 Earth Magic
 + Level 1.4 Alchemy
 + Level 2.0 Invocations
 + Level 1.8 Evocations
 + Level 1.6 Shapeshifting


You had 9 spell levels left.
You knew the following spells:

 Your Spells              Type           Power      Damage    Failure   Level
a - Scorch                Fire           64%        2d7       98%         2

Your spell library contained the following spells:

 Spells                   Type           Power      Damage    Failure   Level
 Apportation              Tloc           22%        N/A       100%        1
 Cigotuvi's Dreadful Rot  Necr/Alch/Air  22%        N/A       100%        2
 Jinxbite                 Hex            22%        N/A       100%        2
 Stone Arrow              Conj/Erth      22%        3d8       100%        3
 Animate Armour           Summ/Erth      22%        N/A       100%        4
 Ignite Poison            Fire/Alch      21%        N/A       100%        4
 Alistair's Intoxication  Alch           7%         N/A       100%        5
 Freezing Cloud           Conj/Ice/Air   5%         6-21      100%        5
 Sculpt Simulacrum        Ice/Alch       5%         N/A       100%        6
 Ozocubu's Refrigeration  Ice            5%         4d8       100%        7
 Lehudib's Crystal Spear  Conj/Erth      5%         10d3      100%        8
 Polar Vortex             Ice            5%         N/A       100%        9


Dungeon Overview and Level Annotations

Branches:
Dungeon (4/15)             Temple (0/1) D:4

Altars:
Dithmenos
Fedhas
Zin

Shops:
D:3 *


Innate Abilities, Weirdness & Mutations

You have very sharp teeth.
Your uncanny sense of smell can sniff out nearby items.
Your experience applies equally to all skills.
You passively map a small area around you.
You are weak. (Str -2)
Your spells are a little harder to cast, but a little more powerful.


Message History

The hornet stings you.
* * * LOW HITPOINT WARNING * * *
You feel as though you will be slow longer.
You can move again.
As you read the scroll labelled QOCIECWAIN, it crumbles to dust.
You feel strangely unstable.
It was a scroll of teleportation.
You feel sick.
You block the hornet's attack. x2; The hornet stings you!
* * * LOW HITPOINT WARNING * * *
You feel as though you will be slow longer.
Your surroundings suddenly seem different.
You feel sick.
You start resting.
* * * LOW HITPOINT WARNING * * *
You feel sick.
It was a potion of mutation.
You feel extremely strange.
You feel less in control of your magic.
You feel a strange attunement to the structure of the dungeons.
You feel weaker.
You feel sick.
As you read the scroll labelled JIANKU MEQOATH, it crumbles to dust.
The air around you briefly surges with heat, but it dissipates.
It was a scroll of immolation.
You feel yourself speed up.
You feel sick.
You are no longer poisoned.
You start resting. "My hands, my teeth, my burning tears: these will never betray me!" 3 fire elementals come into view.
You slash the fire elemental!
You bite the fire elemental, but do no damage.
The fire elemental is moderately damaged.
You hit the fire elemental.
The fire elemental is heavily damaged.
The fire elemental hits you. The fire elemental burns you!
* * * LOW HITPOINT WARNING * * *
You block the fire elemental's attack. x2; The fire elemental hits you.
* * * LOW HITPOINT WARNING * * *
The fire elemental burns you!
You die...
Fedhas appreciates your contribution to the ecosystem.

* , , * , , ,
, ∆ , < ,, *
, , ,,,, ,,,,
, *, , , , ,
* *
########## ,
, ,#........#
, #.E@.....#
* * +
,#.EE.....#
,* ,
#☼..☼....#, *
, ,#........#
* ,
,,#........#,
#........# *
* # ,
##...##..#, #
* #...# ..#*
, # , ,


You could see 3 fire elementals.

Vanquished Creatures
  A steam dragon (D:7)
  Jessica (D:3)
  2 adders
  A shadow imp (D:7)
  A white imp (D:7)
  3 dart slugs (D:2)
  4 ball pythons
  2 endoplasms
  3 giant cockroaches
  2 goblins
  2 hobgoblins
  7 kobolds
  3 quokkas
  3 bats
  3 frilled lizards
  5 rats
43 creatures vanquished.

Notes
Turn   | Place    | Note
-------+----------+-------------------------------------------
     0 | D:1      | unlimited1921 the Gnoll Cinder Acolyte began the quest for
                  | the Orb.
     0 | D:1      | Reached XP level 1. HP: 23/23 MP: 4/4
  1194 | D:1      | Reached XP level 2. HP: 28/28 MP: 5/5
  2059 | D:2      | Reached XP level 3. HP: 34/35 MP: 7/7
  2062 | D:2      | Learned a level 2 spell: Scorch
  2066 | D:2      | Identified the +6 tower shield of Rociv {rC+}
  2639 | D:2      | Reached skill level 1 in Invocations
  3015 | D:2      | Reached skill level 1 in Short Blades
  3015 | D:2      | Reached skill level 1 in Long Blades
  3015 | D:2      | Reached skill level 1 in Maces & Flails
  3015 | D:2      | Reached skill level 1 in Polearms
  3015 | D:2      | Reached skill level 1 in Staves
  3015 | D:2      | Reached skill level 1 in Ranged Weapons
  3015 | D:2      | Reached skill level 1 in Throwing
  3015 | D:2      | Reached skill level 1 in Armour
  3015 | D:2      | Reached skill level 1 in Dodging
  3015 | D:2      | Reached skill level 1 in Stealth
  3015 | D:2      | Reached skill level 1 in Shields
  3015 | D:2      | Reached skill level 1 in Unarmed Combat
  3015 | D:2      | Reached skill level 1 in Evocations
  3192 | D:2      | Found a faded altar of an unknown god.
  3494 | D:3      | Found Zin's Purification Station.
  3513 | D:3      | Found a glowing silver altar of Zin.
  3690 | D:3      | Found a shadowy altar of Dithmenos.
  3725 | D:3      | Noticed Jessica
  3729 | D:3      | Killed Jessica
  3730 | D:3      | Reached skill level 1 in Shapeshifting
  3730 | D:3      | Reached XP level 4. HP: 41/41 MP: 8/8
  3755 | D:3      | Found a blossoming altar of Fedhas.
  3774 | D:3      | Fell from the grace of Ignis
  3774 | D:3      | Became a worshipper of Fedhas Madash
  3905 | D:3      | You fall into a shaft and drop 1 floor!
  3914 | D:4      | Reached skill level 1 in Conjurations
  3914 | D:4      | Reached skill level 1 in Hexes
  3914 | D:4      | Reached skill level 1 in Summonings
  3914 | D:4      | Reached skill level 1 in Necromancy
  3914 | D:4      | Reached skill level 1 in Translocations
  3914 | D:4      | Reached skill level 1 in Ice Magic
  3914 | D:4      | Reached skill level 1 in Air Magic
  3914 | D:4      | Reached skill level 1 in Earth Magic
  3914 | D:4      | Reached skill level 1 in Alchemy
  3957 | D:4      | Found a staircase to the Ecumenical Temple.
  4083 | D:4      | You fall into a shaft and drop 3 floors!
  4090 | D:7      | Noticed a steam dragon
  4101 | D:7      | Killed a steam dragon
  4102 | D:7      | Reached XP level 5. HP: 17/47 MP: 8/10
  4111 | D:7      | Noticed an ogre
  4114 | D:7      | Reached XP level 6. HP: 23/53 MP: 9/11
  4114 | D:7      | You fall into a shaft and drop 2 floors!
  4355 | D:9      | Noticed a hornet
  4366 | D:9      | Paralysed by a hornet for 1 turns
  4370 | D:9      | Gained mutation: Your spells are a little harder to cast,
                  | but a little more powerful. [potion of mutation]
  4370 | D:9      | Gained mutation: You passively map a small area around you.
                  | [potion of mutation]
  4370 | D:9      | Gained mutation: You are weak. (Str -2) [potion of
                  | mutation]
  4370 | D:9      | HP: 2/53 [poisoned by a hornet]
  4419 | D:9      | Noticed a fire elemental
  4419 | D:9      | Noticed a fire elemental
  4419 | D:9      | Noticed a fire elemental
  4420 | D:9      | Slain by a fire elemental

Illustrated notes

Levels and vault maps discovered:
D:1:      matt_arrival_grand_opening, layout_basic
D:2:      layout_basic, dilly_ecumenical_altar_fadedgnrine,
          minmay_misc_feat_encased, chequers_serial_rivers_marsh,
          minmay_pentomino_p4
D:3:      layout_basic, lemuel_round_altar, grunt_dithmenos_smoke,
          lemuel_coloured_pillars_altar, zin_purify, uniq_jessica
D:4:      layout_rooms, kennysheep_mini, minmay_temple_entry_arrows,
          serial_library, serial_library_hellmonk_angled_corner,
          serial_library_hellmonk_statue_hall,
          serial_library_regret_index_branch_corner,
          serial_library_hellmonk_narrow_alcove,
          serial_library_hellmonk_semicircle, serial_library_hellmonk_junction,
          serial_library_hellmonk_long_bookcase,
          serial_library_regret_index_small_wings,
          serial_library_hellmonk_secret_room, uniq_crazy_yiuf_cottage,
          uniq_ijyb, uniq_menkaure
D:7:      layout_loops_ring, billiards_dpeg, uniq_jeremiah
D:9:      layout_stronghold, kiku_gazebo_garden_becter

Skill      XL: |  1  2  3  4 |
---------------+-------------+-----
Invocations    | 1 2 |  2.0
Short Blades   | 1 |  1.8
Long Blades    | 1 |  1.8
Maces & Flails | 1 |  1.8
Polearms       | 1 |  1.8
Staves         | 1 |  1.8
Ranged Weapons | 1 |  1.8
Throwing       | 1 |  1.8
Armour         | 1 |  1.8
Dodging        | 1 |  1.8
Stealth        | 1 |  1.8
Shields        | 1 |  1.8
Unarmed Combat | 1 |  1.8
Evocations     | 1 |  1.8
Spellcasting   | 3 |  3.3
Shapeshifting  | 1 |  1.6
Conjurations   | 1 |  1.4
Hexes          | 1 |  1.4
Summonings     | 1 |  1.4
Necromancy     | 1 |  1.4
Translocations | 1 |  1.4
Ice Magic      | 1 |  1.4
Air Magic      | 1 |  1.4
Earth Magic    | 1 |  1.4
Alchemy        | 1 |  1.4
Fighting       | |  6.8
Axes           | |  6.8
Fire Magic     | |  5.6

Action                     |  1- 3 |  4- 6 || total
---------------------------+-------+-------++-------
  Melee: Hand axe          |    50 |    32 ||    82
         Short sword       |    12 |       ||    12
         Bite              |     1 |     2 ||     3
  Throw: Dart              |       |     3 ||     3
   Cast: Scorch            |    12 |       ||    12
    Use: Scroll            |       |     2 ||     2
         Potion            |       |     2 ||     2
   Stab: Sleeping          |     1 |       ||     1
 Armour: Robe              |    31 |       ||    31
         Scale mail        |       |    36 ||    36
  Dodge: Dodged            |    42 |     2 ||    44
  Block: Tower shield      |     1 |    62 ||    63
